AoeStats
← Killerqueen

Fortress

510486010Analyzed
1v1 RM · 9h ago on Oct 1, 2026· 45m 48s· 2 players
Game mode
Random Map
Map size
Small (3 player)
Population
200
Speed
Normal
Resources
Standard
Victory
Conquest
Starting age
Dark Age
Ending age
Imperial Age
RankedLock teamsTeams togetherTeam positionsShared explorationLock speedFull tech treeHidden civsTurbo modeCheats
Victory
Defeat
🇦🇹 Wei · Austria
1467
+13
🇦🇺 Burgundians · Australia
1398
-13
DeliManyak
0:50 Loom
4:19 Horse Collar
4:28 Double-Bit Axe
5:48 Wheelbarrow
9:41 Feudal Age
13:14 Castle Age
12:00 Bow Saw
12:01 Heavy Plow
12:42 Scale Barding Armor
14:16 Chain Barding Armor
16:37 Gold Mining
18:16 Husbandry
19:43 Forging
21:53 Iron Casting
28:20 Imperial Age
26:21 Stone Mining
35:01 Chemistry
34:36 Fletching
36:57 Ballistics
41:37 Masonry
41:57 Murder Holes
Killerqueen
7:22 Feudal Age
11:10 Castle Age
9:19 Double-Bit Axe
10:26 Horse Collar
10:45 Gold Mining
12:39 Bow Saw
17:57 Heavy Plow
18:02 Loom
27:11 Wheelbarrow
30:11 Imperial Age
28:01 Squires
27:25 Pikeman
28:05 Stone Mining
29:13 Hand Cart
30:06 Scale Mail Armor
30:24 Halberdier
31:22 Chain Mail Armor
37:41 Gold Shaft Mining
37:31 Forging
37:08 Arson
38:34 Ballistics
39:15 Chemistry
38:20 Capped Ram
39:34 Parthian Tactics
39:16 Thumb Ring
40:25 Fletching
40:35 Padded Archer Armor
41:27 Bodkin Arrow
42:28 Forging
42:19 Bracer
42:43 Leather Archer Armor
43:37 Forging
44:30 Siege Ram
45:56 Ring Archer Armor
46:02 Iron Casting
Connection lost

Rejoining the realm…

Still unreachable

The connection could not be restored.

Session expired

The server has moved on; the page needs a fresh start.